 Dungeon Crawl Stone Soup version 0.28-a0-980-g3664467d6e (webtiles) character file.

Game seed: 1262159972822746523

294909 Oshino the Slayer (level 20, -3/151 HPs)
             Began as a Gargoyle Gladiator on Nov 29, 2021.
             Was a High Priest of Trog.
             Killed by the air
             ... invoked by a spriggan air mage
             ... led by the Enchantress
              (11 damage)
             ... on level 3 of the Depths on Dec 2, 2021.
             The game lasted 02:31:01 (49846 turns).

Oshino the Slayer (Gargoyle Gladiator)             Turns: 49846, Time: 02:31:02

Health: -3/151     AC: 43    Str: 35    XL:     20   Next: 87%
Magic:  0/20       EV: 22    Int: 11    God:    Trog [*****.]
Gold:   2058       SH:  0    Dex: 14    Spells: 19/19 levels left

rFire   + . .      SeeInvis +   a - +9 rapier of the Endless Expanse {vorpal, rElec Will++ Int-5 SInv}
rCold   + + +      Faith    .   (no shield)
rNeg    + . .      Spirit   +   A - +5 ring mail of the Arcane {rElec}
rPois   ∞          Reflect  .   c - +2 helmet
rElec   +          Harm     .   B - +1 cloak of Starlight {*Dazzle EV+4 Stlth--}
rCorr   .          Rampage  +   j - +2 pair of gloves of Eraim {rElec}
Will    +++++                   Z - +2 pair of boots {rampage}
Stlth   ..........              i - amulet of Finality {Spirit rF+ rC++ Dex+3 Stlth-}
HPRegen 1.35/turn               O - +6 ring of strength
MPRegen 0.17/turn               N - ring of Propriety {rC+ Will+ Str+3 Int+6}

@: about to teleport, strong-willed (expiring), on berserk cooldown, flying,
regenerating (expiring), slowed, studying Crossbows, very slow
A: sickness immunity, AC +15, big wings, negative energy resistance 1,
electricity resistance, torment resistance 1, petrification resistance
}: 2/15 runes: decaying, serpentine
a: Renounce Religion, Berserk, Trog's Hand, Brothers in Arms


You were on level 3 of the Depths.
You worshipped Trog.
Trog was extremely pleased with you.
You visited 6 branches of the dungeon, and saw 34 of its levels.
You also visited: Ossuary.

You collected 5260 gold pieces.
You spent 3202 gold pieces at shops.

Inventory:

Hand Weapons
 a - the +9 rapier of the Endless Expanse (weapon) {vorpal, rElec Will++ Int-5 SInv}
   (You found it on level 5 of the Dungeon)

   It inflicts extra damage upon your enemies.
   Int:       It affects your intelligence (-5).
   rElec:     It insulates you from electricity.
   SInv:      It lets you see invisible.
   Will:      It greatly increases your willpower.
 b - the +8 arbalest "Afozuroe" {vorpal, rElec rN++ Str+4}
   (You bought it in a shop on level 9 of the Dungeon)

   Any ammunition fired from it inflicts extra damage upon your enemies.
   Str:       It affects your strength (+4).
   rElec:     It insulates you from electricity.
   rN:        It greatly protects you from negative energy.
 D - the +7 sceptre of Torment {pain, torment}
   (You found it on level 2 of the Depths)

   In the hands of one skilled in necromantic magic, it inflicts extra damage on
   living creatures.
   It occasionally torments all nearby living foes when it strikes in combat.
   Trog disapproves of the use of such an item.
 K - the +6 lajatang of the Median {holy, Will- Str+3 Dex+9}
   (You found it on level 14 of the Dungeon)

   It has been blessed by the Shining One to cause great damage to the undead
   and demons.
   Str:       It affects your strength (+3).
   Dex:       It affects your dexterity (+9).
   Will:      It decreases your willpower.
Missiles
 d - 3 throwing nets (quivered)
 k - 426 bolts
Armour
 c - a +2 helmet (worn)
 j - the +2 pair of gloves of Eraim (worn) {rElec}
   (You bought it in a shop on level 1 of the Orcish Mines)

   rElec:     It insulates you from electricity.
 A - the +5 ring mail of the Arcane (worn) {rElec}
   (You found it on level 7 of the Dungeon)

   rElec:     It insulates you from electricity.
 B - the +1 cloak of Starlight (worn) {*Dazzle EV+4 Stlth--}
   (You bought it in a shop on level 1 of the Orcish Mines)

   It may blind those who miss an attack against the wearer in melee combat.
   EV:        It affects your evasion (+4).
   Stlth:     It makes you much less stealthy.
 Z - a +2 pair of boots of rampaging (worn)
Jewellery
 i - the amulet of Finality (around neck) {Spirit rF+ rC++ Dex+3 Stlth-}
   (You acquired it on level 3 of the Dungeon)

   [amulet of guardian spirit]

   It causes incoming damage to be divided between your reserves of health and
   magic.
   Dex:       It affects your dexterity (+3).
   rF:        It protects you from fire.
   rC:        It greatly protects you from cold.
   Stlth:     It makes you less stealthy.
 r - a ring of protection from fire
 u - a ring of resist corrosion
 C - a ring of protection from cold
 H - the amulet of the Air {Inacc Air Fly rElec RMsl}
   (You took it off a tengu conjurer on level 1 of the Depths)

   [amulet of nothing]

   It reduces the accuracy of all your attacks.
   It enhances your air magic.
   rElec:     It insulates you from electricity.
   Fly:       It grants you flight.
   RMsl:      It protects you from missiles.
 N - the ring of Propriety (right hand) {rC+ Will+ Str+3 Int+6}
   (You found it on level 4 of the Snake Pit)

   [ring of intelligence]

   Str:       It affects your strength (+3).
   Int:       It affects your intelligence (+6).
   rC:        It protects you from cold.
   Will:      It increases your willpower.
 O - a +6 ring of strength (left hand)
Wands
 w - a wand of charming (20)
 x - a wand of digging (14)
 y - a wand of polymorph (15)
 I - a wand of mindburst (34)
 P - a wand of acid (31)
 W - a wand of paralysis (36)
Scrolls
 f - 3 scrolls of silence
 l - 11 scrolls of teleportation
 n - 11 scrolls of identify
 t - 3 scrolls of magic mapping
 v - 6 scrolls of fear
 z - a scroll of holy word
 E - 3 scrolls of blinking
 J - 3 scrolls of immolation
 M - a scroll of torment
 Q - 2 scrolls of summoning
 R - 6 scrolls of fog
 V - 5 scrolls of enchant armour
Potions
 e - 6 potions of lignification
 g - 3 potions of cancellation
 h - 14 potions of curing
 m - 4 potions of invisibility
 o - 3 potions of might
 q - 2 potions of haste
 s - 3 potions of ambrosia
 F - 5 potions of heal wounds
 T - 3 potions of resistance
 X - 3 potions of magic
Miscellaneous
 p - a phantom mirror
 Y - a box of beasts


   Skills:
 + Level 24.3 Fighting
 - Level 14.0 Short Blades
 - Level 3.9 Maces & Flails
 - Level 18.0 Crossbows
 - Level 1.7 Throwing
 + Level 17.7 Armour
 + Level 14.6 Dodging
 - Level 10.0 Evocations


You had 19 spell levels left.
You didn't know any spells.
Your spell library contained the following spells:

 Spells                   Type           Power      Damage    Failure   Level
 Slow                     Hex            0%         N/A       38%         1
 Confusing Touch          Hex            0%         N/A       77%         3
 Dazzling Flash           Conj/Hex       0%         N/A       77%         3
 Vampiric Draining        Necr           0%         2d6       77%         3
 Iskenderun's Mystic Bla  Conj/Tloc      0%         2d3       99%         4
 Blade Hands              Tmut           0%         N/A       100%        5
 Irradiate                Conj/Tmut      0%         3d14      100%        5
 Starburst                Conj/Fire      0%         6d3       100%        6
 Dragon Form              Tmut           0%         N/A       100%        7


Dungeon Overview and Level Annotations

Branches:
Dungeon (15/15)            Temple (0/1) D:6            Lair (6/6) D:9
  Swamp (4/4) Lair:3        Snake (4/4) Lair:4        Slime (0/5) Lair:5
    Orc (2/2) D:10            Elf (0/3) Orc:2        Vaults (0/5) D:14
 Depths (3/4) D:15        Ossuary (visited)

Altars:
Dithmenos
Gozag
Hepliaklqana
Kikubaaqudgha
Makhleb
Nemelex Xobeh
Okawaru
Sif Muna
Trog
Vehumet
Wu Jian
Xom
Yredelemnul
Zin
Beogh
Jiyva

Shops:
D:2 :*   D:7 ?   D:8 [   D:9 (   D:11 (   Orc:1 [   Orc:2 ((([=   Snake:1 **
Snake:4 *

Portals:
Hell: Depths:1 Depths:2
Abyss: Depths:1 Depths:2
Pandemonium: Depths:2 Depths:3
Ziggurat: Depths:3

Annotations:
D:4 2 transporters, Stonecrops's ghost, amateur DsBe
D:7 2 transporters, anet's ghost, novice GrCj
D:8 2 transporters, 1 exclusion, Gastronok; Htamos's ghost, novice OpCj
D:9 exclusion: door
D:10 6 transporters
Swamp:2 1 runed translucent door, Badeiliu's ghost, adept DrGl
Depths:3 2 transporters, Qeedatir's ghost, veteran VSFi


Innate Abilities, Weirdness & Mutations

You are immune to sickness and miasma.
Your stone body is resilient. (AC +15)
You are immune to poison.
Your large and strong wings let you fly.
You resist negative energy. (rN+)
You are resistant to electric shocks. (rElec)
You are resistant to unholy torment.
You are immune to petrification.


Message History

The spriggan air mage waves its arms in wide circles.
The air twists around and strikes you.
The spriggan berserker completely misses you.
The spriggan berserker is blinded by the light from your cloak!
You miss the spriggan berserker.
The spriggan berserker hits you with a +0 quarterstaff!!
You miss the spriggan berserker.
The spriggan berserker hits you with a +0 quarterstaff!
You impale the spriggan berserker!!
The spriggan berserker is moderately wounded.
The spriggan berserker barely misses you.
The spriggan berserker's vision is obscured by starry radiance!
As you read the scroll of fear, it crumbles to dust.
You assume a fearsome visage.
The spriggan air mage resists with almost no effort. x3
The spriggan berserker is unaffected.
The spriggan berserker closely misses you.
The spriggan air mage waves its arms in wide circles.
The air twists around and strikes you.
The spriggan berserker barely misses you.
As you read the scroll of teleportation, it crumbles to dust.
You feel strangely unstable.
The spriggan air mage is no longer blind.
The spriggan berserker hits you with a +0 quarterstaff!!
* * * LOW HITPOINT WARNING * * *
You feel the effects of Trog's Hand fading.
The spriggan berserker hits you but does no damage.
The spriggan air mage waves its arms in wide circles.
The air twists around and strikes you!!
* * * LOW HITPOINT WARNING * * *
The spriggan air mage waves its arms in wide circles.
The air twists around and strikes you.
The spriggan berserker hits you but does no damage.
You feel much better. The spriggan berserker misses you.
The spriggan berserker is temporarily struck blind!
The spriggan berserker hits you with a +0 quarterstaff!!
* * * LOW HITPOINT WARNING * * *
The spriggan air mage waves its arms in wide circles.
The air twists around and strikes you!
You die...

#####..## #..(....#.
#.........
#......... #...∩...#
#.......#i
#......i..
#########.........
#..@iiii.........###
#.#####.......#####.
#.###...........# ..
#.##....#####....# .
#.##..###.©.###..###
#.#..###...... #....
#.#..#..###....#....
#.#.##..# ....##...
#...#...#.([...C#..#


You could see a spriggan berserker (berserk, blind) and 3 spriggan air magi.

Vanquished Creatures
  3 royal mummies (Depths:2)
  the Lernaean hydra (Swamp:4)
  A caustic shrike (Depths:2)
  Vashnia (Snake:2)
  A golden dragon (Depths:1)
  Nikola (Swamp:3)
  the Enchantress (Depths:3)
  Rupert (D:12)
  Jorgrun (Orc:1)
  A lich (Depths:1)
  A walking crystal tome (Depths:1)
  A quicksilver dragon (Snake:4)
  An ancient champion (Depths:1)
  5 sphinxes (Depths:2)
  2 storm dragons (Depths:1)
  A thorn hunter (Swamp:3)
  Donald (Snake:1)
  4 nagarajas (Snake:4)
  3 fire giants
  An iron dragon (Depths:1)
  3 frost giants
  4 spectral caustic shrikes
  A caustic shrike zombie (Depths:1)
  2 orc warlords
  A balrug (Depths:1)
  2 reapers (D:14)
  3 spriggan defenders
  3 very ugly things
  7 stone giants
  Nessos (D:14)
  A juggernaut skeleton (Depths:1)
  A vampire knight (Depths:2)
  Azrael (D:12)
  3 bunyips
  A minotaur (shapeshifter) (Depths:1)
  6 eleionomae
  A blizzard demon (Depths:2)
  3 jiangshi (Depths:1)
  2 green deaths (Swamp:4)
  5 fire dragons
  2 mummy priests (Depths:2)
  Josephine (Snake:1)
  3 ettins
  2 shambling mangroves
  3 salamander tyrants
  6 boulder beetles
  4 vault guards (D:14)
  A rakshasa (D:12)
  A hell beast (D:15)
  3 ghost crabs
  3 ice dragons
  9 naga warriors
  24 hydras
  3 spriggan air magi
  10 anacondas
  7 catoblepae
  An ogre mage (D:15)
  6 centaur warriors
  13 two-headed ogres
  2 orc high priests (Orc:2)
  15 alligators
  Urug (Lair:3)
  7 tengu warriors
  22 naga sharpshooters
  2 deep troll shamans
  7 death yaks (Lair:6)
  2 thrashing horrors (Swamp:4)
  A deep troll earth mage (Depths:2)
  A vampire mage (Depths:1)
  2 soul eaters
  7 shock serpents
  9 hell knights (Depths:2)
  2 spriggan berserkers
  3 iron trolls (Depths:2)
  4 salamander mystics
  A spark wasp zombie (Depths:1)
  3 shadow wraiths (D:14)
  A skeletal warrior (D:14)
  A storm dragon skeleton (Depths:1)
  A sixfirhy (Depths:2)
  10 bog bodies
  3 spriggan druids
  2 flayed ghosts (D:14)
  4 deep trolls
  A glowing orange brain (Depths:2)
  2 spectral wolf spiders (D:14)
  A lindwurm (Lair:6)
  A harpy (Depths:2)
  5 swamp dragons (Swamp:4)
  A wolf spider (shapeshifter) (Depths:1)
  3 wizards
  3 naga ritualists
  An orc knight (D:10)
  A tengu zombie (Depths:1)
  3 deep elf pyromancers
  14 necromancers
  13 mana vipers
  6 will-o-the-wisps
  An oklob plant (Lair:3)
  A sphinx skeleton (Depths:1)
  3 cyclopes
  An orc sorcerer (Orc:2)
  3 spectral centaurs (D:14)
  12 salamanders
  11 ugly things
  A manticore (shapeshifter) (D:14)
  A stone giant zombie (Depths:1)
  A frost giant skeleton (Depths:1)
  A large abomination (Swamp:4)
  12 manticores
  6 elephants (Lair:5)
  3 spriggan zombies (Depths:1)
  27 black mambas
  7 guardian serpents
  A fire giant skeleton (Depths:1)
  A guardian serpent (shapeshifter) (D:13)
  Maggie (D:8)
  Maurice (Orc:2)
  3 orange demons (Swamp:4)
  8 naga magi
  13 cane toads
  An unseen horror (D:11)
  10 komodo dragons
  A freezing wraith (D:14)
  3 efreet
  A kobold demonologist (D:12)
  2 rime drakes
  4 tengu conjurers
  3 ice devils (Depths:2)
  2 meliai (D:14)
  A red devil (Depths:2)
  6 trolls
  Prince Ribbit (D:5)
  11 tyrant leeches
  4 polar bears
  A bloated husk (Swamp:1)
  3 burning bushes (Lair:1)
  12 hornets
  15 slime creatures
  15 blink frogs
  A frost giant simulacrum (Depths:1)
  7 centaur simulacra (D:14)
  2 iron dragon simulacra (Depths:1)
  12 wraiths
  3 shadows
  Sigmund (D:6)
  4 water elementals
  6 spriggans
  5 fire elementals
  A redback (shapeshifter) (D:9)
  4 wyverns
  Eustachio (D:5)
  11 vampire mosquitoes
  74 yaks
  4 basilisks
  A chaos spawn (Depths:2)
  A steam dragon (D:9)
  A steam dragon (shapeshifter) (D:15)
  16 swamp worms
  A swamp worm (shapeshifter) (Depths:1)
  Edmund (D:4)
  29 nagas
  A warg (Orc:2)
  19 water moccasins
  An acid dragon (D:13)
  A human skeleton (Depths:1)
  6 hell hounds
  40 orc warriors
  A necrophage (D:4)
  3 ice beasts
  2 swamp drakes
  13 wolves
  7 ogres
  12 centaurs
  2 phantoms
  4 kobold brigands
  16 bullfrogs
  A gnoll sergeant (D:7)
  A glowing shapeshifter simulacrum (Depths:1)
  5 water moccasin zombies
  4 scorpions
  A hornet simulacrum (D:14)
  A water moccasin skeleton (D:6)
  15 killer bees
  3 wights
  3 electric eels
  4 howler monkeys
  6 crimson imps (D:7)
  A human zombie (D:8)
  9 centaur zombies
  A gnoll shaman (D:9)
  13 orc priests
  A bullfrog zombie (D:6)
  2 hounds
  2 bullfrog skeletons
  5 centaur skeletons
  Natasha (thrice) (D:3)
  5 iguanas
  A scorpion zombie (D:5)
  22 orc wizards
  5 hell rats (Lair:3)
  A small abomination (Swamp:4)
  3 killer bee zombies (D:8)
  A hound skeleton (D:4)
  A hound zombie (D:4)
  3 mummies
  6 howler monkey zombies
  4 adders
  9 gnolls
  17 white imps
  An ufetubus (D:6)
  4 adder zombies (Ossuary)
  An adder skeleton (D:4)
  2 dart slugs
  88 orcs
  7 ball pythons
  3 bats
  4 endoplasms
  5 giant cockroaches
  5 hobgoblins
  4 jackals (D:3)
  4 quokkas
  5 frilled lizards
  3 gnoll zombies (Ossuary)
  6 goblins
  5 hobgoblin zombies (Ossuary)
  17 kobolds
  4 kobold zombies (Ossuary)
  4 orc zombies (Ossuary)
  2 rats
1215 creatures vanquished.

Vanquished Creatures (collateral kills)
  A quicksilver dragon (Snake:4)
  A sphinx (Depths:2)
  A nagaraja (Snake:4)
  2 naga sharpshooters
  An iron troll (Depths:1)
  A naga ritualist (Snake:4)
  A mana viper (Snake:4)
  A moth of wrath (shapeshifter) (Depths:2)
  A meliai (D:14)
  3 slime creatures (D:14)
  A neqoxec (Depths:2)
14 creatures vanquished.

Vanquished Creatures (others)
  A manticore (Depths:2)
  A will-o-the-wisp (Swamp:3)
  A naga mage (Snake:4)
  3 bloated husks
  A vampire mosquito (Swamp:1)
  18 foxfires
  43 fungi
  79 plants
  4 toadstools (D:2)
151 creatures vanquished.

Grand Total: 1380 creatures vanquished

Notes
Turn   | Place    | Note
-------+----------+-------------------------------------------
     0 | D:1      | Oshino the Gargoyle Gladiator began the quest for the Orb.
     0 | D:1      | Reached XP level 1. HP: 12/12 MP: 1/1
   387 | D:1      | Found a faded altar of an unknown god.
   538 | D:1      | Reached XP level 2. HP: 17/18 MP: 2/2
  1112 | D:1      | Reached skill level 3 in Fighting
  1332 | D:2      | Found Rutotis's Book Emporium.
  1339 | D:2      | Reached XP level 3. HP: 23/23 MP: 3/3
  1358 | D:2      | Reached skill level 1 in Short Blades
  1677 | D:2      | Found Cutisij's General Store.
  2078 | D:2      | Reached XP level 4. HP: 28/28 MP: 4/4
  2206 | D:3      | Noticed Natasha
  2215 | D:3      | Killed Natasha
  2366 | D:3      | Noticed Natasha
  2372 | D:3      | Killed Natasha
  2373 | D:3      | Reached XP level 5. HP: 30/33 MP: 5/5
  2402 | D:3      | Noticed Natasha
  2409 | D:3      | Killed Natasha
  2410 | D:3      | Reached skill level 4 in Fighting
  2938 | D:3      | Identified a scroll of acquirement
  2938 | D:3      | Acquired the amulet of Finality {Spirit rF+ rC++ Dex+3
                  | Stlth-}
  3162 | D:4      | Reached XP level 6. HP: 30/39 MP: 4/6
  3243 | D:4      | Found a transporter.
  3244 | D:4      | Noticed Stonecrops's ghost (amateur DsBe)
  3245 | D:4      | Found a transporter.
  3484 | D:4      | Noticed a necrophage
  3496 | D:4      | Killed a necrophage
  3497 | D:4      | Reached skill level 5 in Fighting
  3497 | D:4      | Reached XP level 7. HP: 39/44 MP: 7/7
  3622 | D:4      | Found a bloodstained altar of Trog.
  4107 | D:4      | Became a worshipper of Trog the Wrathful
  4132 | D:5      | Entered Level 5 of the Dungeon
  4149 | D:5      | Reached skill level 6 in Fighting
  4149 | D:5      | Reached skill level 5 in Short Blades
  4540 | D:5      | Reached skill level 7 in Fighting
  4686 | D:5      | Reached skill level 8 in Fighting
  4794 | D:5      | Noticed Eustachio
  4794 | D:5      | Noticed Edmund
  4889 | D:4      | Killed Edmund
  4890 | D:4      | Reached XP level 8. HP: 31/55 MP: 4/8
  5365 | D:5      | Reached skill level 9 in Fighting
  5421 | D:5      | Identified the +9 rapier of the Endless Expanse {vorpal,
                  | rElec Will++ Int-5 SInv}
  5509 | D:5      | Killed Eustachio
  5510 | D:5      | Reached skill level 10 in Fighting
  5520 | D:5      | Noticed Prince Ribbit
  5603 | D:6      | Noticed Sigmund
  5620 | D:6      | Killed Sigmund
  5648 | D:6      | Noticed a troll
  5731 | D:6      | Reached skill level 11 in Fighting
  5816 | D:6      | Found an iron altar of Okawaru.
  5821 | D:6      | Found a shadowy altar of Dithmenos.
  5822 | D:6      | Found a shimmering blue altar of Sif Muna.
  5822 | D:6      | Found a shimmering altar of Xom.
  5830 | D:6      | Reached XP level 9. HP: 65/65 MP: 9/9
  5911 | D:6      | Found a hazy altar of Hepliaklqana.
  5918 | D:6      | Found a glowing silver altar of Zin.
  5934 | D:6      | Reached skill level 12 in Fighting
  6166 | D:6      | Found an opulent altar of Gozag.
  6190 | D:6      | Killed a troll
  6190 | D:6      | Reached * piety under Trog
  6191 | D:6      | Reached skill level 13 in Fighting
  6447 | D:6      | Found a staircase to the Ecumenical Temple.
  7064 | D:7      | Found a transporter.
  7147 | D:7      | Reached skill level 14 in Fighting
  7184 | D:7      | Found Zef Taff's Magic Scroll Emporium.
  7708 | D:7      | Noticed a moth of wrath
  7731 | D:7      | Noticed anet's ghost (novice GrCj)
  7768 | D:7      | Found a transporter.
  7998 | D:7      | Identified the +5 ring mail of the Arcane {rElec}
  8048 | D:8      | Found Iteabako's Armour Boutique.
  8187 | D:8      | Reached skill level 15 in Fighting
  8283 | D:8      | Noticed Maggie
  8294 | D:8      | Killed Maggie
  8294 | D:8      | Reached ** piety under Trog
  8295 | D:8      | Reached XP level 10. HP: 70/78 MP: 8/10
  8377 | D:8      | Noticed Htamos's ghost (novice OpCj)
  8387 | D:8      | Found a transporter.
  8461 | D:8      | Reached skill level 16 in Fighting
  8527 | D:8      | Noticed Gastronok
  8570 | D:8      | Found a transporter.
  8635 | D:8      | Found a sand-covered staircase.
  8644 | Ossuary  | Entered an ossuary
  9035 | D:7      | Reached *** piety under Trog
  9110 | D:7      | Bought a scroll of identify for 22 gold pieces
  9110 | D:7      | Bought a scroll of blinking for 82 gold pieces
  9110 | D:7      | Bought a scroll of teleportation for 33 gold pieces
  9110 | D:7      | Bought a scroll of fear for 38 gold pieces
  9110 | D:7      | Bought 3 scrolls of identify for 66 gold pieces
  9110 | D:7      | Bought a scroll of identify for 22 gold pieces
  9110 | D:7      | Bought a scroll of magic mapping for 38 gold pieces
  9110 | D:7      | Bought a scroll of identify for 22 gold pieces
  9110 | D:7      | Bought a scroll of identify for 22 gold pieces
  9110 | D:7      | Bought a scroll of fear for 38 gold pieces
  9442 | D:9      | Found a staircase to the Lair.
  9915 | D:9      | Found Migodekk's Antique Weapon Shoppe.
 10050 | D:9      | Noticed a two-headed ogre
 10059 | D:9      | Killed a two-headed ogre
 10060 | D:9      | Reached XP level 11. HP: 84/84 MP: 8/11
 10149 | D:9      | Found an ornate altar of the Wu Jian Council.
 10281 | D:9      | Noticed a boulder beetle
 10281 | D:9      | Noticed a two-headed ogre
 10281 | D:9      | Noticed a five-headed hydra
 10281 | D:9      | Noticed a wizard
 10283 | D:9      | Noticed a two-headed ogre
 10322 | D:9      | Noticed a cyclops
 10334 | D:9      | Reached skill level 10 in Short Blades
 10338 | D:9      | Noticed a centaur warrior
 10346 | D:9      | Reached skill level 17 in Fighting
 10351 | D:8      | Killed a cyclops
 10646 | D:9      | Killed a two-headed ogre
 10677 | D:9      | Killed a five-headed hydra
 10742 | D:9      | Killed a centaur warrior
 10783 | D:9      | Killed a two-headed ogre
 11048 | D:9      | Killed a boulder beetle
 11269 | D:9      | Killed a wizard
 11595 | D:8      | Reached **** piety under Trog
 11627 | D:8      | Found a basalt altar of Yredelemnul.
 11698 | D:10     | Entered Level 10 of the Dungeon
 11698 | D:10     | Found a transporter.
 11698 | D:10     | Found a transporter.
 11844 | D:10     | Found a radiant altar of Vehumet.
 11930 | D:10     | Found a transporter.
 11932 | D:10     | Found a transporter.
 12106 | D:10     | Reached XP level 12. HP: 88/92 MP: 12/12
 12214 | D:10     | Found a transporter.
 12221 | D:10     | Found a transporter.
 12371 | D:10     | Found a staircase to the Orcish Mines.
 12410 | D:10     | Reached skill level 18 in Fighting
 12657 | D:9      | Bought a brightly glowing arbalest for 228 gold pieces
 12657 | D:9      | Identified the +8 arbalest "Afozuroe" {vorpal, rElec rN++
                  | Str+4} (You bought it in a shop on level 9 of the Dungeon)
 12700 | Lair:1   | Entered Level 1 of the Lair of Beasts
 13175 | Lair:1   | Reached ***** piety under Trog
 13258 | Lair:1   | Noticed a four-headed hydra
 13267 | Lair:1   | Killed a four-headed hydra
 14043 | Lair:1   | Acquired a manual of Dodging
 14356 | Lair:2   | Received a gift from Trog
 15044 | Lair:3   | Reached skill level 5 in Dodging
 15075 | Lair:3   | Found a burning altar of Makhleb.
 15116 | Lair:3   | Noticed a boulder beetle
 15128 | Lair:3   | Killed a boulder beetle
 15225 | Lair:3   | Noticed Urug
 15256 | Lair:3   | Killed Urug
 15257 | Lair:3   | Reached XP level 13. HP: 99/99 MP: 9/13
 15399 | Lair:3   | Reached skill level 1 in Crossbows
 15399 | Lair:3   | Reached skill level 1 in Armour
 15478 | Lair:3   | Found a sparkling altar of Nemelex Xobeh.
 15518 | Lair:3   | You fall into a shaft and drop 3 floors!
 15518 | Lair:6   | Entered Level 6 of the Lair of Beasts
 16597 | Lair:5   | Reached skill level 10 in Dodging
 16638 | Lair:5   | Found a viscous altar of Jiyva.
 16638 | Lair:5   | Found a staircase to the Slime Pits.
 16987 | Lair:5   | Reached skill level 5 in Armour
 17029 | Lair:5   | Found a frozen archway.
 17871 | Lair:4   | Reached skill level 5 in Crossbows
 17891 | Lair:4   | Found a staircase to the Snake Pit.
 17899 | Lair:4   | Gained mutation: Your large and strong wings let you fly.
                  | [Gargoyle growth]
 17899 | Lair:4   | Reached XP level 14. HP: 99/104 MP: 14/14
 19225 | Lair:3   | Found a staircase to the Swamp.
 20249 | Lair:6   | Received a gift from Trog
 21274 | D:11     | Found a bloodstained altar of Trog.
 21411 | D:11     | Found Tetzatz's Weapon Emporium.
 22354 | D:11     | Acquired 965 gold pieces
 22503 | D:12     | Noticed Rupert
 22531 | D:12     | Killed Rupert
 22532 | D:12     | Reached XP level 15. HP: 109/109 MP: 11/15
 23245 | D:5      | Killed Prince Ribbit
 23316 | D:2      | Bought a manual of Crossbows for 1040 gold pieces
 23519 | D:13     | Received a gift from Trog
 23633 | D:13     | Noticed Azrael
 23869 | D:12     | Killed Azrael
 24191 | D:13     | Reached skill level 19 in Fighting
 24191 | D:13     | Reached skill level 10 in Crossbows
 24780 | D:14     | Found a gate to the Vaults.
 25057 | D:14     | Noticed Nessos
 25062 | D:14     | Killed Nessos
 25180 | D:14     | You are sucked into a shaft and drop 1 floor!
 25180 | D:15     | Entered Level 15 of the Dungeon
 25197 | D:15     | Reached skill level 10 in Armour
 25689 | D:14     | Found an ancient bone altar of Kikubaaqudgha.
 25939 | D:14     | Reached XP level 16. HP: 117/117 MP: 16/16
 26005 | D:14     | Received a gift from Trog
 26117 | D:14     | Identified the +8 long sword of Rubbish {vorpal, rN++
                  | rCorr}
 26140 | D:14     | Identified the +6 lajatang of the Median {holy, Will- Str+3
                  | Dex+9}
 26156 | D:14     | Reached ****** piety under Trog
 26870 | D:14     | Reached skill level 15 in Crossbows
 27107 | D:14     | You are sucked into a shaft and drop 1 floor!
 27704 | D:15     | Found a staircase to the Depths.
 27955 | Orc:1    | Entered Level 1 of the Orcish Mines
 27955 | Orc:1    | Noticed Jorgrun
 27973 | Orc:1    | Killed Jorgrun
 28386 | D:10     | Reached skill level 20 in Fighting
 28596 | Orc:1    | Received a gift from Trog
 28952 | Orc:1    | Found Zuiplal's Armour Shoppe.
 28960 | Orc:1    | Bought the +1 cloak of Starlight {*Dazzle EV+4 Stlth--} for
                  | 427 gold pieces
 28960 | Orc:1    | Found the +1 cloak of Starlight {*Dazzle EV+4 Stlth--}
 28960 | Orc:1    | Bought a +2 pair of boots of rampaging for 301 gold pieces
 28980 | Orc:1    | Bought the +2 pair of gloves of Eraim {rElec} for 399 gold
                  | pieces
 29111 | Orc:2    | Entered Level 2 of the Orcish Mines
 29207 | Orc:2    | Found Dyhayqum's Firing Range.
 29346 | Orc:2    | Noticed Maurice
 29354 | Orc:2    | Killed Maurice
 29536 | Orc:2    | Found a staircase to the Elven Halls.
 29662 | Orc:2    | Found Yfooq's Weapon Emporium.
 29775 | Orc:2    | Found Suwo's Jewellery Shop.
 29780 | Orc:2    | Bought a ring of protection from fire for 375 gold pieces
 30208 | Orc:2    | Received a gift from Trog
 30314 | Orc:2    | Found Wanang's Antique Armour Emporium.
 30378 | Orc:2    | Found Lireg's Antique Weapon Shoppe.
 30793 | Snake:1  | Entered Level 1 of the Snake Pit
 31050 | Snake:1  | Noticed Donald
 31054 | Snake:1  | Killed Donald
 31238 | Snake:1  | Noticed Josephine
 31251 | Snake:1  | Killed Josephine
 31447 | Snake:1  | Reached XP level 17. HP: 110/124 MP: 14/17
 31502 | Snake:1  | You are sucked into a shaft and drop 1 floor!
 31598 | Snake:1  | Received a gift from Trog
 31830 | Snake:1  | Found Doedam's General Store.
 31832 | Snake:1  | Found Nicriena's Specific Store.
 31840 | Snake:1  | Bought a scroll of fear for 49 gold pieces
 31859 | Snake:1  | Reached skill level 1 in Evocations
 32237 | Snake:2  | Identified the ring of Xom's Entertainment {Fly Str+3}
 32488 | Snake:2  | Noticed Vashnia
 32906 | Snake:2  | Killed Vashnia
 33718 | Snake:3  | Reached skill level 21 in Fighting
 34861 | Snake:4  | Entered Level 4 of the Snake Pit
 35017 | Snake:4  | Reached skill level 5 in Evocations
 35170 | Snake:4  | Received a gift from Trog
 35589 | Snake:4  | Found a radiant altar of Vehumet.
 35616 | Snake:4  | Found Lotourot's Overcharged Wands.
 35892 | Snake:4  | Reached XP level 18. HP: 123/132 MP: 16/18
 36004 | Snake:4  | Upgraded the game from 0.28-a0-941-g140ffa10cf to
                  | 0.28-a0-948-gee6e0bcda6
 36214 | Snake:4  | Noticed a quicksilver dragon
 36241 | Snake:4  | Killed a quicksilver dragon
 36261 | Snake:4  | Noticed a quicksilver dragon
 36266 | Snake:4  | Killed a quicksilver dragon
 36708 | Snake:4  | Identified the ring of Propriety {rC+ Will+ Str+3 Int+6}
 36712 | Snake:4  | Got a serpentine rune of Zot
 37076 | Swamp:1  | Entered Level 1 of the Swamp
 37080 | Lair:3   | Identified the +10 dagger "Jyff" {vorpal, Dex+4} (Trog
                  | gifted it to you on level 3 of the Lair of Beasts)
 37080 | Lair:3   | Received a gift from Trog
 37455 | Swamp:1  | Reached skill level 15 in Armour
 38329 | Swamp:2  | Found a runed translucent door.
 38330 | Swamp:2  | Found a shimmering altar of Xom.
 38330 | Swamp:2  | Noticed Badeiliu's ghost (adept DrGl)
 39513 | Swamp:3  | Received a gift from Trog
 40408 | Swamp:3  | Found an ornate altar of the Wu Jian Council.
 40442 | Swamp:3  | Noticed Nikola
 40452 | Swamp:3  | Killed Nikola
 40792 | Swamp:4  | Entered Level 4 of the Swamp
 41090 | Swamp:4  | Reached XP level 19. HP: 95/139 MP: 14/19
 41345 | Swamp:4  | Reached skill level 22 in Fighting
 41771 | Swamp:4  | Reached skill level 10 in Evocations
 42034 | Swamp:4  | Received a gift from Trog
 42557 | Swamp:4  | Noticed the 27-headed Lernaean hydra
 42568 | Swamp:4  | Killed the 27-headed Lernaean hydra
 42676 | Swamp:4  | Got a decaying rune of Zot
 42677 | Swamp:4  | Upgraded the game from 0.28-a0-948-gee6e0bcda6 to
                  | 0.28-a0-980-g3664467d6e
 43607 | Depths:1 | Entered Level 1 of the Depths
 43607 | Depths:1 | Found a magical portal.
 43688 | Depths:1 | Reached skill level 23 in Fighting
 44077 | Depths:1 | Found a gateway to Hell.
 44368 | Depths:1 | Noticed a walking crystal tome
 44391 | Depths:1 | Killed a walking crystal tome
 44399 | Depths:1 | Noticed a golden dragon
 44434 | Depths:1 | Killed a golden dragon
 45303 | Depths:1 | Found a one-way gate to the infinite horrors of the Abyss.
 45620 | Depths:1 | Identified the amulet "Isanuen" {Faith Int+3 Dex+5 Stlth+}
 46102 | Depths:2 | Reached XP level 20. HP: 148/148 MP: 18/20
 46179 | Depths:2 | You are sucked into a shaft and drop 1 floor!
 46179 | Depths:3 | Found a one-way gate leading to the halls of Pandemonium.
 46856 | Depths:2 | Noticed a caustic shrike
 46865 | Depths:2 | Killed a caustic shrike
 48608 | Depths:2 | Noticed a royal mummy
 48637 | Depths:2 | Killed a royal mummy
 48638 | Depths:2 | Reached skill level 24 in Fighting
 48691 | Depths:2 | Received a gift from Trog
 49047 | Depths:2 | Noticed a royal mummy
 49074 | Depths:2 | Killed a royal mummy
 49076 | Depths:2 | Noticed a royal mummy
 49096 | Depths:2 | Killed a royal mummy
 49099 | Depths:2 | Found the +7 sceptre of Torment {pain, torment}
 49275 | Depths:3 | Noticed the Enchantress
 49721 | Depths:3 | Noticed a juggernaut
 49754 | Depths:3 | Noticed Qeedatir's ghost (veteran VSFi)
 49765 | Depths:3 | Noticed a juggernaut
 49773 | Depths:3 | Found a transporter.
 49779 | Depths:3 | Found a bloodstained altar of Trog.
 49780 | Depths:3 | Found a transporter.
 49788 | Depths:3 | Found a gateway to a ziggurat.
 49817 | Depths:3 | Killed the Enchantress
 49846 | Depths:3 | Killed from afar by a spriggan air mage

Illustrated notes

Levels and vault maps discovered:
D:1:      shiori_arrival_oz, layout_loops_corners,
          dreamdust_ecumenical_altar_hidden_monk_grotto
D:2:      layout_basic, serial_shops, nicolae_shop_waterfront, shop,
          minmay_fountain_box, minmay_gold_behind_fungi
D:3:      kennysheep_big_flooded_room, layout_basic, uniq_natasha
D:4:      layout_loops_ring, mainiacjoe_overflow_chevrons,
          gammafunk_ghost_mausoleum, kennysheep_small_spiral,
          minmay_manual_mandibuliform
D:5:      layout_gridville, uniq_edmund, uniq_eustachio, uniq_prince_ribbit1
D:6:      layout_loops_ring, pdpol_temple_overflow_zin_treasury_gozag_greed,
          general_overflow_altar, grunt_temple_overflow_open,
          minmay_temple_entry_fiery, serial_aquarium,
          aquarium_bridge_long_joined [aquarium_subvault_bridge,
          aquarium_subvault_bridge, aquarium_subvault_bridge,
          aquarium_subvault_wall, aquarium_subvault_wall,
          aquarium_subvault_bridge], aquarium_window_fake,
          aquarium_window_corridor_2, aquarium_window_1, aquarium_window_2,
          aquarium_view_2f, kennysheep_diamond, uniq_sigmund
D:7:      layout_loops_ring, gammafunk_ghost_berserking_beasts, serial_shops,
          shop, minmay_nine_imps
D:8:      layout_loops_corners, lemuel_mausoleum_altar_yredelemnul,
          mainiacjoe_overflow_tiny_flanked, gammafunk_ghost_stat_death,
          serial_shops, nicolae_square_shop, nicolae_ossuary_entry_ruins,
          chequers_serial_rivers_room_a, nicolae_stop_n_shop_2, uniq_gastronok,
          uniq_maggie
D:9:      nzn_winding_woodlands_stair_cross [nzn_winding_woodlands_5x15_zeroes,
          nzn_winding_woodlands_center_garden,
          nzn_winding_woodlands_5x15_default, nzn_winding_woodlands_5x5_default,
          nzn_winding_woodlands_5x5_default, nzn_winding_woodlands_5x15_eye,
          nzn_winding_woodlands_center_triple_pond,
          nzn_winding_woodlands_5x15_jagged], layout_loops_ring,
          nzn_wu_jian_contemplation, serial_shops, nicolae_shop_trees,
          kennysheep_generic_room_10
D:10:     layout_loops_cross, mainiacjoe_overflow_boulevard, david_orc_2,
          serial_nicolae_subway, nicolae_sub_station_crystal,
          nicolae_sub_station_metal, nicolae_sub_station_stone
D:11:     layout_loops_cross, serial_shops, nicolae_shop_crystal,
          trog_ov_bears_minmay
D:12:     layout_basic, uniq_rupert
D:13:     layout_big_octagon, uniq_azrael
D:14:     evilmike_negative_zone, layout_irregular_city,
          lightli_vaults_fourway_checkpoint, serial_bayou, serial_bayou_shore_a,
          serial_bayou_shore_b, serial_bayou_crossing, serial_bayou_pond_d,
          hex_tiny, minmay_bent, uniq_nessos
D:15:     grunt_enter_depths_hoard, layout_rooms, minmay_misc_feat_ornament
Lair:1:   layout_cave_pods, evilmike_ambush [evilmike_ambush_outer_pillars,
          evilmike_ambush_inner_basic], lemuel_fruit_tree
Lair:2:   layout_regular_city, grunt_megastairs_3, serial_bayou_shore_b
Lair:3:   layout_small_grid, nicolae_swamp_entry_splash_gauntlet, basic_altar,
          lemuel_oklob_altar, serial_bayou_shore_b, uniq_urug
Lair:4:   layout_loops_ring, guppyfry_snake_entry_garden
Lair:5:   layout_cave_pods, slime_altar_1, portal_ice_cave_entry_imps
Lair:6:   evilmike_catoblepas_cave, layout_cellular_growth,
          nicolae_lair_lil_pond, st_stairs_9, serial_bayou_lagoon_a
Swamp:1:  layout_basic_swamp, hangedman_swamp_ruin_wall, swamp_pool1,
          nicolae_swamp_some_circles
Swamp:2:  layout_falls_marsh, ebering_ghost_xom, nicolae_swamp_long_stream,
          swamp_pool4, nicolae_swamp_wisp_ring_woods
Swamp:3:  layout_falls_marsh, lemuel_altar_in_water, swamp_pool2, uniq_nikola
Swamp:4:  swamp_vile, layout_basic_swamp
Snake:1:  layout_gridlike, nicolae_specific_store,
          nrook_guardian_serpent_ordinary, uniq_josephine, uniq_donald
Snake:2:  layout_onion, serial_bayou_pond_a, uniq_vashnia
Snake:3:  layout_honeycomb
Snake:4:  hellmonk_snake_rune_quicksilver_temple, layout_cave_shapes,
          basic_altar, nicolae_shop_overcharged_wands
Orc:1:    layout_diamond_mine, basic_altar, serial_shops,
          nicolae_shop_temple_entry_statues_fountains, uniq_jorgrun
Orc:2:    grunt_orc_community_town_hall, layout_caves,
          grunt_orc_community_big_house_1, grunt_orc_community_big_house_2,
          grunt_orc_community_house_3, grunt_orc_community_house_2,
          grunt_orc_community_house_3, grunt_orc_community_house_1,
          grunt_orc_community_house_1, hellmonk_bongcloud_opening,
          nicolae_shop_firing_range, uniq_maurice
Depths:1: minmay_cut_squares, layout_gridlike, abyss_entry_small_statue_room,
          grunt_mini_vestibule, infiniplex_enter_wizlab_glasses,
          minmay_liquid_box, kennysheep_big_empty_room, minmay_misc_feat_cross,
          hangedman_decor_lopped
Depths:2: minmay_guarded_unrand_sceptre_of_torment, layout_gridville,
          pf_hell_entry_tar_river, abyss_entry, special_room
          [special_room_mythical_zoo], grunt_pan_entry_sceptre,
          kennysheep_two_boxes
Depths:3: minmay_curly_fans, layout_cave_pools, enter_ziggurat_e,
          pf_coc_iceberg, kennysheep_nondescript, abyss_entry, pan_entry,
          gammafunk_ghost_wrathful_warriors, uniq_enchantress, uniq_boris

Skill      XL: |  1  2  3  4  5  6  7  8  9 10 11 12 13 14 15 16 17 18 19 20 |
---------------+-------------------------------------------------------------+-----
Fighting       | 3 4 5 8 11 15 16 17 18 19 20 21 23 24 | 24.3
Short Blades   | 1 2 3 4 5 6 7 9 12 14 | 14.0
Dodging        | 6 11 12 13 14 | 14.6
Crossbows      | 5 8 13 18 | 18.0
Armour         | 5 8 10 11 13 15 16 17 | 17.7
Evocations     | 6 9 10 | 10.0
Maces & Flails | |  3.9
Throwing       | |  1.7

Action                   |  1- 3 |  4- 6 |  7- 9 | 10-12 | 13-15 | 16-18 | 19-21 || total
-------------------------+-------+-------+-------+-------+-------+-------+-------++-------
Melee: Flail             |    56 |       |    34 |       |       |       |       ||    90
       Short sword       |    46 |   118 |   153 |       |       |       |       ||   317
       Rapier            |       |       |   178 |   678 |  1098 |  1902 |  1104 ||  4960
       Lajatang          |       |       |       |       |       |       |    19 ||    19
 Fire: Arbalest          |       |       |       |     2 |    79 |    95 |   113 ||   289
Throw: Throwing net      |       |     1 |       |       |       |       |       ||     1
Invok: Berserk           |       |       |       |     5 |     5 |     7 |     8 ||    25
       Trog's Hand       |       |       |       |       |       |     3 |     4 ||     7
       Brothers in Arms  |       |       |       |       |       |     2 |     5 ||     7
Evoke: Wand              |       |       |       |       |     1 |       |     7 ||     8
       Box of beasts     |       |       |       |       |       |       |     1 ||     1
       Phantom mirror    |       |       |       |       |       |       |     1 ||     1
  Use: Scroll            |       |     7 |     5 |    17 |     5 |     5 |     5 ||    44
       Potion            |       |       |       |       |     1 |     1 |     1 ||     3
 Stab: Petrified         |       |       |       |       |     6 |       |       ||     6
       Petrifying        |       |       |       |       |     4 |       |       ||     4
       Invisible         |       |       |       |       |       |    58 |    17 ||    75
       Distracted        |       |       |       |       |       |     1 |     1 ||     2
Armor: Leather armour    |    42 |     5 |       |       |       |       |       ||    47
       Chain mail        |       |    65 |   230 |       |       |       |       ||   295
       Ring mail         |       |       |    14 |   253 |   390 |   698 |   557 ||  1912
Dodge: Dodged            |   102 |    51 |   151 |   247 |   551 |  1297 |   872 ||  3271

Table legend: (Time is in decaauts)
 A = Elapsed time spent in this place.
 B = Non-inter-level travel time spent in this place.
 C = Inter-level travel time spent in this place.
 D = Time resting spent in this place.
 E = Time spent auto-exploring this place.
 F = Levels seen in this place.
 G = Mean time per level.
                   A        B        C        D        E       F      G
               +--------+--------+--------+--------+--------+-----+--------+
         Total |  47796 |  44544 |   3252 |   8227 |  26842 |  35 | 1365.6 |
       Dungeon |  20119 |  17825 |   2294 |   3357 |  10441 |  15 | 1341.3 |
          Lair |   8316 |   7837 |    479 |   1168 |   5464 |   6 | 1386.0 |
         Swamp |   5293 |   5169 |    124 |   1267 |   2895 |   4 | 1323.2 |
     Snake Pit |   5813 |   5708 |    105 |    959 |   3283 |   4 | 1453.2 |
  Orcish Mines |   2328 |   2219 |    109 |    209 |   1524 |   2 | 1164.0 |
        Depths |   5740 |   5601 |    139 |   1265 |   3123 |   3 | 1913.3 |
       Ossuary |    185 |    185 |      0 |      0 |    111 |   1 |  185.0 |
               +--------+--------+--------+--------+--------+-----+--------+

Top non-repeatable levels by time:
Depths:2: 3489 daAuts
     D:9: 2394 daAuts
Depths:1: 2137 daAuts
    D:14: 2127 daAuts
  Lair:6: 2118 daAuts
 Swamp:2: 1840 daAuts
 Snake:4: 1826 daAuts
     D:4: 1745 daAuts
  Lair:5: 1670 daAuts
 Swamp:4: 1575 daAuts
     D:6: 1527 daAuts
 Snake:2: 1514 daAuts
  Lair:3: 1320 daAuts
 Snake:3: 1317 daAuts
  Lair:1: 1308 daAuts
